 Dungeon Crawl Stone Soup version 0.28.0 (webtiles) character file.

Game seed: 3998263716267204686

23 pkoi the Gusty (level 2, -4/20 HPs)
             Began as a Draconian Air Elementalist on Feb 16, 2022.
             Killed from afar by Natasha (7 damage)
             ... with a magic dart
             ... on level 2 of the Dungeon.
             The game lasted 00:01:05 (1172 turns).

pkoi the Gusty (Draconian Air Elementalist)         Turns: 1172, Time: 00:01:05

Health: -4/20      AC:  4    Str: 10    XL:     2   Next: 72%
Magic:  0/5        EV: 12    Int: 15    God:
Gold:   41         SH:  0    Dex: 11    Spells: 4/5 levels left

rFire   . . .      SeeInvis .   b - +0 dagger
rCold   . . .      Faith    .   (no shield)
rNeg    . . .      Spirit   .   (armour unavailable)
rPois   .          Reflect  .   (helmet restricted)
rElec   .          Harm     .   (no cloak)
rCorr   .          Rampage  .   (no gloves)
Will    .....                   (no boots)
Stlth   ++........              (no amulet)
HPRegen 0.06/turn               (no ring)
MPRegen 0.09/turn               (no ring)

@: very slightly contaminated
A: AC +4, unfitting armour, cold-blooded
a: no special abilities


You were on level 2 of the Dungeon.
You visited 1 branch of the dungeon, and saw 2 of its levels.

You collected 41 gold pieces.

Inventory:

Hand Weapons
 b - a +0 dagger (weapon)
Jewellery
 f - a ring of magical power
Wands
 c - a wand of iceblast (12)
Scrolls
 e - 4 scrolls of immolation {unknown}
 g - a scroll of teleportation {unknown}
Potions
 a - a potion of degeneration {unknown}
 d - 2 potions of curing {unknown}


   Skills:
 - Level 1.7 Dodging
 - Level 1.7 Stealth
 - Level 2.0 Spellcasting
 - Level 1.0 Conjurations
 + Level 4.0 Air Magic


You had 4 spell levels left.
You knew the following spells:

 Your Spells              Type           Power      Damage    Failure   Level
a - Shock                 Conj/Air       36%        1d5       8%          1

Your spell library contained the following spells:

 Spells                   Type           Power      Damage    Failure   Level
 Static Discharge         Conj/Air       9%         N/A       12%         2
 Swiftness                Air            13%        N/A       12%         3
 Airstrike                Air            6%         N/A       38%         4


Dungeon Overview and Level Annotations

Branches:
Dungeon (1/15)

Altars:

Annotations:
D:2 Natasha


Innate Abilities, Weirdness & Mutations

Your plain brown scales are hard. (AC +4)
You cannot fit into any form of body armour.
You are cold-blooded and may be slowed by cold attacks.


Message History

Aim: Natasha (60% to hit)
You miscast Shock.
You are very lightly contaminated with residual magic.
Nothing appears to happen.
The orc hits you with a +0 dagger.
* * * LOW HITPOINT WARNING * * *
The frilled lizard closely misses you.
Natasha howls an incantation.
You feel disoriented.
Unknown command.
Natasha wildly gestures.
Natasha glows brightly for a moment.
Aiming: Shock (safe; 8% risk of failure)
Press: ? - help, Q - select action, (/) - cycle Shift-Dir - straight line, f/p - Natasha
Aim: Natasha (60% to hit)
The zap misses the orc.
The zap misses Natasha.
The orc closely misses you.
Unknown command.
Aiming: Shock (safe; 8% risk of failure)
Press: ? - help, Q - select action, (/) - cycle Shift-Dir - straight line, p - Natasha The zap hits the orc.
The orc is almost dead.
The zap hits Natasha.
Natasha is moderately wounded.
The zap misses Natasha.
The orc barely misses you.
Unknown command.
You closely miss the orc. You tail-slap the orc.
You kill the orc!
Natasha closely misses you.
You closely miss Natasha.
Your tail-slap misses Natasha.
Natasha is moderately wounded.
Natasha casts a spell at you. The magic dart hits you!
* * * LOW HITPOINT WARNING * * *
You barely miss Natasha.
Natasha is moderately wounded.
Natasha casts a spell at you. The magic dart hits you!
You die...

##. ##
#####..### ..#
.........# #..##
#........# #....
#.....)..# ##(.#
#........####@.#
#........##lh.##
..[.........###
#.........###
#.........#
#..........#
##...#...#.#
#.#####...# #.
##...


You could see Natasha and a frilled lizard.

Vanquished Creatures
  A dart slug (D:1)
  An orc (D:2)
  A ball python (D:1)
  2 endoplasms (D:1)
  4 hobgoblins (D:1)
  3 kobolds (D:1)
  A quokka (D:1)
  A bat (D:1)
  2 frilled lizards (D:1)
  2 goblins (D:1)
18 creatures vanquished.

Notes
Turn   | Place    | Note
-------+----------+-------------------------------------------
     0 | D:1      | pkoi the Draconian Air Elementalist began the quest for the
                  | Orb.
     0 | D:1      | Reached XP level 1. HP: 14/14 MP: 3/3
   376 | D:1      | Found a faded altar of an unknown god.
   545 | D:1      | Reached XP level 2. HP: 20/20 MP: 1/5
  1048 | D:1      | Reached skill level 4 in Air Magic
  1158 | D:1      | You fall into a shaft and drop 1 floor!
  1158 | D:2      | Noticed Natasha
  1172 | D:2      | Killed from afar by Natasha

Illustrated notes

Levels and vault maps discovered:
D:1:      wheals_arrival_linesprint, layout_rooms,
          hellmonk_ecumenical_altar_lost_god, serial_park_tiny_2
D:2:      layout_rooms, uniq_natasha

Skill      XL: |  1  2 |
---------------+-------+-----
Air Magic      | 4 |  4.0
Dodging        | |  1.7
Stealth        | |  1.7
Spellcasting   | |  2.0
Conjurations   | |  1.0

Action                   || total
-------------------------++-------
Melee: Dagger            ||    14
       Unarmed           ||     2
       Tailslap          ||     4
 Cast: Shock             ||    41
Armor: Skin              ||     1
Dodge: Dodged            ||    16
